[ PARTIDA AOE2 · #506357547 ]
UnrankedBizantinos vs Berbers
Equipo del jugador · VICT
Equipo rival · DERR
[ ANÁLISIS DE REPETICIÓN · EXTRAÍDO DE LA PARTIDA GRABADA ]
Feudal
8:50
Castillos
24:25
Imperial
38:04
| APM promedio | 46.8 |
| APM pico | 94 |
| eAPM promedio | 20.6 |
| Aldeanos / militares | 84 / 66 |
Foco
⚔️ 32.1% · 🌾 67.9%
Skirmisher ×30 · Scout Cavalry ×17 · Spearman ×7 · Knight ×4 · Mangonel ×4 · Trebuchet (Packed) ×3
Feudal
9:19
Castillos
21:55
Imperial
35:13
| APM promedio | 44.0 |
| APM pico | 66 |
| eAPM promedio | 18.5 |
| Aldeanos / militares | 118 / 42 |
Foco
⚔️ 21.5% · 🌾 78.5%
Knight ×11 · Skirmisher ×8 · Camel Archer ×8 · Monk ×6 · Mangonel ×3 · Scout Cavalry ×2
Mapa de la partida
Recursos iniciales + cada clic de construcción. Líneas = muros · curvas = relieve. ◆ oro · ⬟ piedra · ● bayas · ✦ reliquia · ◌ hueco del cierre
Tu base· Abierta — el rival se encerró
Base de Subclavian· Abierta — hueco de 5t
Terreno inicial suavizado · ◌ = hueco del cierre detectado · pasá el cursor para detalles
Inputs por minuto
— Skunk77 - - Subclavian
Build order — Skunk77
Primeras 150 de 292 acciones detectadas
| 0:00 | Encolar | Villager (Male) |
| 0:00 | Encolar | Villager (Male) |
| 0:00 | Encolar | Villager (Male) |
| 0:02 | Construir | House |
| 0:02 | Construir | House |
| 0:38 | Encolar | Villager (Male) |
| 1:23 | Encolar | Villager (Male) |
| 1:44 | Construir | Lumber Camp |
| 2:04 | Encolar | Villager (Male) |
| 2:04 | Encolar | Villager (Male) |
| 2:23 | Encolar | Villager (Male) |
| 2:41 | Encolar | Villager (Male) |
| 2:42 | Encolar | Villager (Male) |
| 3:06 | Encolar | Villager (Male) |
| 3:35 | Encolar | Villager (Male) |
| 3:35 | Encolar | Villager (Male) |
| 3:57 | Construir | House |
| 4:02 | Encolar | Villager (Male) |
| 4:27 | Encolar | Villager (Male) |
| 4:27 | Encolar | Villager (Male) |
| 4:28 | Construir | Mill |
| 5:11 | Encolar | Villager (Male) |
| 5:41 | Encolar | Villager (Male) |
| 5:41 | Investigar | Loom |
| 6:38 | Investigar | Feudal Age |
| 7:14 | Construir | Barracks |
| 7:20 | Encolar | Villager (Male) |
| 7:23 | Construir | House |
| 8:27 | Encolar | Villager (Male) |
| 8:50 | Edad | Edad Feudal |
| 8:56 | Construir | Archery Range |
| 8:59 | Encolar | Villager (Male) |
| 9:00 | Investigar | Double-Bit Axe |
| 9:05 | Construir | Farm |
| 9:14 | Encolar | Villager (Male) |
| 9:17 | Construir | Farm |
| 9:27 | Encolar | Spearman |
| 9:39 | Construir | Palisade Wall |
| 9:40 | Construir | Palisade Wall |
| 9:41 | Construir | Palisade Wall |
| 9:42 | Construir | Palisade Wall |
| 9:42 | Construir | Palisade Wall |
| 9:45 | Construir | Palisade Wall |
| 9:45 | Construir | Palisade Wall |
| 9:46 | Construir | Palisade Wall |
| 9:47 | Construir | Palisade Wall |
| 9:47 | Construir | Palisade Wall |
| 9:48 | Construir | Palisade Wall |
| 9:54 | Encolar | Spearman |
| 10:00 | Encolar | Villager (Male) |
| 10:02 | Construir | Farm |
| 10:07 | Construir | House |
| 10:25 | Encolar | Spearman |
| 10:47 | Encolar | Villager (Male) |
| 10:50 | Encolar | Skirmisher |
| 10:51 | Encolar | Villager (Male) |
| 10:54 | Construir | Palisade Wall |
| 10:56 | Construir | Palisade Wall |
| 10:59 | Construir | Palisade Wall |
| 11:03 | Encolar | Villager (Male) |
| 11:17 | Construir | Blacksmith |
| 11:20 | Encolar | Spearman |
| 11:27 | Construir | House |
| 11:34 | Construir | Farm |
| 11:40 | Encolar | Villager (Male) |
| 12:06 | Construir | Watch Tower |
| 12:07 | Encolar | Skirmisher |
| 12:09 | Encolar | Villager (Male) |
| 12:12 | Construir | Farm |
| 12:13 | Encolar | Villager (Male) |
| 12:24 | Encolar | Spearman |
| 12:25 | Encolar | Spearman |
| 12:28 | Encolar | Skirmisher |
| 12:33 | Encolar | Villager (Male) |
| 12:36 | Construir | Farm |
| 12:37 | Construir | Farm |
| 12:45 | Construir | House |
| 12:53 | Encolar | Villager (Male) |
| 12:54 | Investigar | Fletching |
| 12:54 | Investigar | Fletching |
| 13:20 | Encolar | Skirmisher |
| 13:20 | Encolar | Skirmisher |
| 13:27 | Encolar | Villager (Male) |
| 13:28 | Construir | Farm |
| 13:33 | Construir | House |
| 13:34 | Construir | House |
| 13:53 | Investigar | Padded Archer Armor |
| 13:54 | Encolar | Villager (Male) |
| 13:55 | Encolar | Skirmisher |
| 13:55 | Encolar | Skirmisher |
| 14:06 | Construir | House |
| 14:10 | Investigar | Wheelbarrow |
| 14:21 | Construir | Mining Camp |
| 14:28 | Encolar | Skirmisher |
| 14:33 | Encolar | Spearman |
| 14:58 | Encolar | Villager (Male) |
| 15:02 | Construir | Farm |
| 15:06 | Construir | House |
| 15:08 | Construir | Palisade Wall |
| 15:15 | Encolar | Villager (Male) |
| 15:24 | Encolar | Skirmisher |
| 15:32 | Investigar | Scale Mail Armor |
| 15:39 | Construir | House |
| 15:42 | Encolar | Villager (Male) |
| 15:50 | Encolar | Skirmisher |
| 16:20 | Encolar | Villager (Male) |
| 16:20 | Encolar | Villager (Male) |
| 16:22 | Construir | House |
| 16:26 | Construir | Palisade Wall |
| 16:33 | Encolar | Skirmisher |
| 16:37 | Construir | Archery Range |
| 16:54 | Encolar | Skirmisher |
| 16:54 | Encolar | Skirmisher |
| 16:54 | Encolar | Skirmisher |
| 16:56 | Encolar | Villager (Male) |
| 16:56 | Encolar | Villager (Male) |
| 16:56 | Encolar | Villager (Male) |
| 17:24 | Construir | Mining Camp |
| 17:28 | Construir | House |
| 17:30 | Encolar | Skirmisher |
| 18:04 | Construir | Palisade Wall |
| 18:13 | Construir | Farm |
| 18:40 | Construir | Lumber Camp |
| 18:42 | Encolar | Villager (Male) |
| 18:47 | Encolar | Villager (Male) |
| 18:59 | Construir | Watch Tower |
| 19:02 | Encolar | Skirmisher |
| 19:02 | Encolar | Skirmisher |
| 19:11 | Construir | Farm |
| 19:11 | Construir | Farm |
| 19:25 | Encolar | Skirmisher |
| 19:31 | Construir | House |
| 19:37 | Encolar | Villager (Male) |
| 19:38 | Encolar | Villager (Male) |
| 19:53 | Construir | Watch Tower |
| 19:59 | Construir | Farm |
| 20:00 | Construir | Farm |
| 20:12 | Construir | House |
| 20:15 | Construir | Farm |
| 20:27 | Encolar | Villager (Male) |
| 20:35 | Construir | Farm |
| 20:46 | Construir | Farm |
| 20:49 | Construir | Farm |
| 20:52 | Construir | Market |
| 20:54 | Encolar | Villager (Male) |
| 21:10 | Construir | Palisade Wall |
| 21:13 | Construir | Palisade Wall |
| 21:16 | Encolar | Villager (Male) |
| 21:29 | Construir | Farm |
| 21:45 | Investigar | Castle Age |
Build order — Subclavian
Primeras 150 de 299 acciones detectadas
| 0:00 | Encolar | Villager (Male) |
| 0:00 | Encolar | Villager (Male) |
| 0:01 | Encolar | Villager (Male) |
| 0:01 | Encolar | Villager (Male) |
| 0:02 | Construir | House |
| 0:04 | Construir | House |
| 1:24 | Encolar | Villager (Male) |
| 1:46 | Construir | Lumber Camp |
| 1:59 | Encolar | Villager (Male) |
| 2:17 | Encolar | Villager (Male) |
| 2:17 | Encolar | Villager (Male) |
| 2:53 | Encolar | Villager (Male) |
| 3:11 | Encolar | Villager (Male) |
| 3:47 | Encolar | Villager (Male) |
| 3:49 | Construir | House |
| 4:06 | Encolar | Villager (Male) |
| 4:07 | Encolar | Villager (Male) |
| 4:07 | Encolar | Villager (Male) |
| 4:23 | Construir | Mill |
| 5:04 | Encolar | Villager (Male) |
| 5:04 | Encolar | Villager (Male) |
| 5:14 | Encolar | Villager (Male) |
| 5:14 | Encolar | Villager (Male) |
| 5:32 | Encolar | Villager (Male) |
| 5:32 | Encolar | Villager (Male) |
| 5:32 | Encolar | Villager (Male) |
| 6:05 | Investigar | Loom |
| 6:45 | Construir | Lumber Camp |
| 7:04 | Investigar | Feudal Age |
| 7:49 | Construir | Barracks |
| 7:59 | Construir | House |
| 8:16 | Construir | House |
| 8:18 | Construir | Palisade Wall |
| 8:34 | Construir | House |
| 9:19 | Edad | Edad Feudal |
| 9:20 | Construir | Stable |
| 9:23 | Encolar | Villager (Male) |
| 9:28 | Investigar | Double-Bit Axe |
| 9:29 | Investigar | Double-Bit Axe |
| 9:50 | Construir | Palisade Wall |
| 9:58 | Encolar | Villager (Male) |
| 10:03 | Encolar | Villager (Male) |
| 10:11 | Construir | Archery Range |
| 10:36 | Construir | Farm |
| 10:37 | Encolar | Villager (Male) |
| 10:44 | Encolar | Villager (Male) |
| 10:51 | Encolar | Villager (Male) |
| 10:56 | Encolar | Archer |
| 10:56 | Encolar | Skirmisher |
| 11:14 | Encolar | Villager (Male) |
| 11:15 | Encolar | Skirmisher |
| 11:16 | Encolar | Skirmisher |
| 11:33 | Investigar | Horse Collar |
| 11:37 | Construir | House |
| 11:38 | Construir | House |
| 11:50 | Encolar | Villager (Male) |
| 12:01 | Construir | Farm |
| 12:15 | Construir | House |
| 12:18 | Encolar | Skirmisher |
| 12:24 | Construir | Farm |
| 12:24 | Construir | Farm |
| 12:25 | Construir | Farm |
| 12:25 | Construir | Farm |
| 12:55 | Encolar | Skirmisher |
| 13:14 | Encolar | Scout Cavalry |
| 13:32 | Encolar | Skirmisher |
| 13:36 | Construir | Farm |
| 13:37 | Construir | Farm |
| 13:37 | Construir | Farm |
| 13:44 | Encolar | Villager (Male) |
| 13:45 | Construir | Farm |
| 13:48 | Encolar | Villager (Male) |
| 13:57 | Construir | Farm |
| 13:59 | Construir | Farm |
| 14:02 | Encolar | Scout Cavalry |
| 14:06 | Construir | House |
| 14:07 | Construir | House |
| 14:09 | Construir | House |
| 14:15 | Construir | Farm |
| 14:28 | Construir | Palisade Wall |
| 14:32 | Encolar | Villager (Male) |
| 14:34 | Construir | Farm |
| 15:02 | Construir | Palisade Wall |
| 15:05 | Construir | Farm |
| 15:06 | Construir | Farm |
| 15:10 | Encolar | Villager (Male) |
| 15:33 | Construir | Blacksmith |
| 15:46 | Construir | Farm |
| 15:46 | Construir | Farm |
| 15:51 | Construir | House |
| 16:08 | Construir | Farm |
| 16:22 | Construir | House |
| 16:23 | Encolar | Villager (Male) |
| 16:25 | Construir | Farm |
| 16:53 | Encolar | Villager (Male) |
| 16:57 | Construir | Mining Camp |
| 17:02 | Construir | House |
| 17:03 | Construir | Palisade Wall |
| 17:07 | Encolar | Villager (Male) |
| 17:22 | Encolar | Villager (Male) |
| 17:22 | Encolar | Villager (Male) |
| 17:31 | Encolar | Skirmisher |
| 17:53 | Investigar | Padded Archer Armor |
| 18:00 | Investigar | Fletching |
| 18:00 | Investigar | Fletching |
| 18:33 | Investigar | Padded Archer Armor |
| 18:44 | Encolar | Villager (Male) |
| 18:52 | Encolar | Skirmisher |
| 19:15 | Investigar | Castle Age |
| 19:31 | Construir | Palisade Wall |
| 19:41 | Construir | House |
| 20:13 | Construir | Farm |
| 20:20 | Construir | House |
| 21:35 | Encolar | Villager (Male) |
| 21:36 | Encolar | Villager (Male) |
| 21:55 | Edad | Edad de los Castillos |
| 21:57 | Construir | Siege Workshop |
| 22:01 | Construir | Town Center |
| 22:14 | Investigar | Bodkin Arrow |
| 22:21 | Construir | House |
| 22:32 | Construir | Palisade Wall |
| 22:39 | Encolar | Scorpion |
| 22:50 | Encolar | Villager (Male) |
| 22:50 | Encolar | Villager (Male) |
| 22:53 | Investigar | Bow Saw |
| 23:34 | Encolar | Villager (Male) |
| 23:39 | Encolar | Mangonel |
| 23:44 | Encolar | Villager (Male) |
| 23:45 | Encolar | Villager (Male) |
| 23:57 | Encolar | Villager (Male) |
| 23:58 | Encolar | Villager (Male) |
| 24:17 | Encolar | Villager (Male) |
| 24:18 | Encolar | Villager (Male) |
| 24:19 | Encolar | Villager (Male) |
| 24:34 | Encolar | Villager (Male) |
| 24:34 | Encolar | Villager (Male) |
| 24:42 | Encolar | Villager (Male) |
| 24:43 | Encolar | Villager (Male) |
| 24:43 | Encolar | Villager (Male) |
| 24:45 | Encolar | Villager (Male) |
| 24:46 | Encolar | Villager (Male) |
| 24:50 | Encolar | Villager (Male) |
| 24:52 | Construir | Town Center |
| 24:54 | Encolar | Villager (Male) |
| 24:54 | Encolar | Villager (Male) |
| 25:05 | Encolar | Villager (Male) |
| 25:18 | Encolar | Mangonel |
| 25:28 | Construir | Farm |
| 25:28 | Construir | Farm |
| 25:29 | Construir | Farm |
Cronología de la partida
| 7:14 | Skunk77 · first_building Barracks |
| 7:49 | Subclavian · first_building Barracks |
| 8:18 | Subclavian · wall_segment Palisade Wall x1 |
| 8:50 | Skunk77 · age_up feudal |
| 8:56 | Skunk77 · first_building Archery Range |
| 9:19 | Subclavian · age_up feudal |
| 9:20 | Subclavian · first_building Stable |
| 9:39 | Skunk77 · wall_segment Palisade Wall x1 |
| 9:40 | Skunk77 · wall_segment Palisade Wall x1 |
| 9:41 | Skunk77 · wall_segment Palisade Wall x1 |
| 9:42 | Skunk77 · wall_segment Palisade Wall x1 |
| 9:42 | Skunk77 · wall_segment Palisade Wall x1 |
| 9:45 | Skunk77 · wall_segment Palisade Wall x1 |
| 9:45 | Skunk77 · wall_segment Palisade Wall x1 |
| 9:46 | Skunk77 · wall_segment Palisade Wall x1 |
| 9:47 | Skunk77 · wall_segment Palisade Wall x1 |
| 9:47 | Skunk77 · wall_segment Palisade Wall x1 |
| 9:48 | Skunk77 · wall_segment Palisade Wall x1 |
| 9:50 | Subclavian · wall_segment Palisade Wall x8 |
| 10:11 | Subclavian · first_building Archery Range |
| 10:54 | Skunk77 · wall_segment Palisade Wall x1 |
| 10:56 | Skunk77 · wall_segment Palisade Wall x1 |
| 10:59 | Skunk77 · wall_segment Palisade Wall x1 |
| 14:28 | Subclavian · wall_segment Palisade Wall x7 |
| 15:02 | Subclavian · wall_segment Palisade Wall x6 |
| 15:08 | Skunk77 · wall_segment Palisade Wall x7 |
| 16:26 | Skunk77 · wall_segment Palisade Wall x9 |
| 17:03 | Subclavian · wall_segment Palisade Wall x5 |
| 18:04 | Skunk77 · wall_segment Palisade Wall x9 |
| 19:31 | Subclavian · wall_segment Palisade Wall x24 |
| 21:10 | Skunk77 · wall_segment Palisade Wall x5 |
| 21:13 | Skunk77 · wall_segment Palisade Wall x11 |
| 21:55 | Subclavian · age_up castle |
| 21:57 | Subclavian · first_building Siege Workshop |
| 22:32 | Subclavian · wall_segment Palisade Wall x1 |
| 22:32 | Skunk77 · wall_segment Palisade Wall x12 |
| 23:31 | Skunk77 · first_building Stable |
| 24:25 | Skunk77 · age_up castle |
| 24:38 | Skunk77 · first_building Siege Workshop |
| 26:21 | Subclavian · first_building Monastery |
| 27:03 | Skunk77 · first_building Castle |
| 27:23 | Subclavian · wall_segment Palisade Wall x13 |
| 27:45 | Skunk77 · first_market_buy 100 food |
| 31:21 | Skunk77 · first_building Monastery |
| 32:35 | Subclavian · first_building Castle |
| 35:13 | Subclavian · age_up imperial |
| 38:04 | Skunk77 · age_up imperial |
| 40:59 | Subclavian · resign |
[ ANÁLISIS IA · 1 CRÉDITO ]
¿Qué pasó realmente en esta partida?
Wolo.gg analiza cada decisión: build order, eco, micro, errores típicos por bracket. Análisis personalizado por WhatsApp o Discord en 30 segundos.
Guía civ
Bizantinos
Perfil
Jugador #4373854